 Dungeon Crawl Stone Soup version 0.29.1-15-g9cfb28693d (webtiles) character file.

Game seed: 1328938481860356532

385 Carnifexus the Cudgeller (level 6, -7/64 (72) HPs)
             Began as a Demonspawn Fighter on Mar 26, 2023.
             Mangled by a kobold
             ... wielding a +0 whip of distortion
              (12 damage)
             ... on level 3 of the Dungeon.
             The game lasted 00:11:04 (4059 turns).

Carnifexus the Cudgeller (Demonspawn Fighter)       Turns: 4059, Time: 00:11:05

HP:   -7/64 (72)    AC: 14    Str: 18    XL:     6   Next: 48%
MP:   6/6           EV: 10    Int:  9    God:
Gold: 217           SH:  9    Dex: 13    Spells: 5/5 levels left

rFire   + . .      SeeInvis .   a - +0 flail
rCold   . . .      Faith    .   c - +0 buckler
rNeg    . . .      Spirit   .   f - +2 ring mail {rF+}
rPois   .          Reflect  .   r - +2 helmet
rElec   .          Harm     .   y - +0 cloak
rCorr   .          Rampage  .   v - +1 pair of gloves
Will    +....                   (no boots)
Stlth   ..........              (no amulet)
HPRegen 0.20/turn               q - ring of willpower
MPRegen 0.10/turn               (no ring)

@: berserking, heavily drained, very quick
A: hooves 2, large bone plates 1, powered by death 1, MP-powered wands
a: no special abilities


You were on level 3 of the Dungeon.
You visited 1 branch of the dungeon, and saw 3 of its levels.
You visited the Abyss 1 time.

You collected 217 gold pieces.

Inventory:

Hand Weapons
 a - a +0 flail (weapon)
 e - a +2 scythe of protection
 x - a +3 quarterstaff of chaos
Armour
 c - a +0 buckler (worn)
 f - a +2 ring mail of fire resistance (worn)
 k - a +0 chain mail
 r - a +2 helmet (worn)
 v - a +1 pair of gloves (worn)
 y - a +0 cloak (worn)
Jewellery
 q - a ring of willpower (left hand)
Wands
 z - a wand of flame (9)
Scrolls
 n - 4 scrolls of teleportation
Potions
 i - a potion of invisibility {unknown}
 m - 3 potions of attraction
 o - 2 potions of brilliance
 A - a potion of lignification {unknown}


   Skills:
 + Level 3.7 Fighting
 + Level 4.0 Maces & Flails
 + Level 3.7 Armour
 + Level 1.5 Dodging
 + Level 0.2 Stealth
 + Level 3.9 Shields


You had 5 spell levels left.
You didn't know any spells.
Your spell library was empty.

Dungeon Overview and Level Annotations

Branches:
Dungeon (3/15)

Altars:
Hepliaklqana
Kikubaaqudgha
Ru
Trog

Annotations:
D:3 roninjake's ghost, amateur DECj


Innate Abilities, Weirdness & Mutations

You have hoof-like feet.
You are partially covered in large bone plates. (SH +4)
You regenerate a little health from kills.
You expend magic power (3 MP) to strengthen your wands.


Message History

The kobold barely misses you. The kobold closely misses you.
The kobold hits you with a +0 short sword.
* * * LOW HITPOINT WARNING * * *
Roninjake's ghost hits you.
* * * LOW HITPOINT WARNING * * *
The ufetubus barely misses you.
The ufetubus hits you but does no damage.
It was a potion of cancellation.
Your magical effects are unravelling.
You feel magically purged.
You feel a little less mighty now.
You feel a little less clever now. The kobold barely misses you.
The kobold hits you but does no damage. You block the kobold's attack.
Roninjake's ghost hits you but does no damage.
You block the ufetubus's attack.
The ufetubus hits you but does no damage.
It was a potion of mutation.
You feel extremely strange.
You feel your magical essence link to the dungeon's wands.
Your feet thicken and deform.
The ufetubus barely misses you. x2; The kobold hits you but does no damage.
You block the kobold's attack. The kobold barely misses you.
The kobold misses you.
Roninjake's ghost hits you but does no damage.
The ufetubus hits you but does no damage.
The ufetubus barely misses you.
It was a potion of berserk rage.
A red film seems to cover your vision as you go berserk!
You feel yourself moving faster!
You feel mighty! The kobold hits you but does no damage.
Space warps around you.
* * * LOW HITPOINT WARNING * * *
You block the kobold's attack.
The kobold brigand hits you but does no damage.
You feel drained. The kobold hits you but does no damage.
You block the kobold's attack. You block roninjake's ghost's attack.
The ufetubus hits you but does no damage. x2
You closely miss roninjake's ghost. You kick roninjake's ghost!
Roninjake's ghost is severely damaged.
The ufetubus hits you but does no damage. x2
The kobold hits you but does no damage. Space warps horribly around you!
You die...

####### #####.......#####. #
##.$$##......##.... ############
##.....##.........#.
.#.........###.#...#.########..#.
.'.........'.#⌠.#.#.⌠#.....>.....
##.........###.#...#(######(#####
#.........####.K...#######.#
#.........##.##K5'##.##....#
##....######.KK@W.......####
###....## #...KKK##...###
.###....####......##.###
...###....##......##.#
..[._###[÷...........#
...###.............###
.####..............# ##
#...(.....(...## #######..#[#.##


You could see a kobold brigand, roninjake's ghost, an ufetubus and 6 kobolds.

Vanquished Creatures
  Sigmund (D:3)
  Crazy Yiuf (D:3)
  Natasha (thrice) (D:3)
  Robin (D:2)
  4 adders
  A worm (D:2)
  2 orcs (D:3)
  4 endoplasms
  A giant cockroach (D:3)
  12 goblins
  6 hobgoblins
  3 jackals (D:3)
  7 kobolds (D:3)
  8 ball pythons
  8 bats
  3 frilled lizards
  4 rats
69 creatures vanquished.

Vanquished Creatures (others)
  2 starspawn tentacles (Abyss:1)
2 creatures vanquished.

Grand Total: 71 creatures vanquished

Notes
Turn   | Place    | Note
-------+----------+-------------------------------------------
     0 | D:1      | Carnifexus the Demonspawn Fighter began the quest for the
                  | Orb.
     0 | D:1      | Reached XP level 1. HP: 18/18 MP: 1/1
   215 | D:1      | Gained mutation: You are partially covered in large bone
                  | plates. (SH +4) [demonic ancestry]
   215 | D:1      | Reached XP level 2. HP: 24/24 MP: 2/2
   808 | D:1      | Reached skill level 2 in Maces & Flails
  1195 | D:2      | Noticed Robin
  1444 | D:2      | Killed Robin
  1445 | D:2      | Gained mutation: You regenerate a little health from kills.
                  | [demonic ancestry]
  1445 | D:2      | Reached XP level 3. HP: 17/29 MP: 3/3
  1871 | D:2      | Found a faded altar of an unknown god.
  2148 | D:2      | Gained mutation: You have large cloven feet. [demonic
                  | ancestry]
  2148 | D:2      | Reached XP level 4. HP: 34/35 MP: 4/4
  2392 | D:3      | Found a runed translucent gate.
  2392 | D:3      | Found a runed translucent gate.
  2393 | D:3      | Found a runed translucent gate.
  2393 | D:3      | Noticed roninjake's ghost (amateur DECj)
  2394 | D:3      | Noticed a kobold brigand
  2406 | D:3      | Noticed Sigmund
  2432 | D:3      | Killed Sigmund
  2433 | D:3      | Reached skill level 3 in Maces & Flails
  2433 | D:3      | Reached skill level 1 in Dodging
  2433 | D:3      | Reached XP level 5. HP: 17/41 MP: 5/5
  2588 | D:3      | Found a bloodstained altar of Trog.
  2636 | D:3      | Reached XP level 6. HP: 47/47 MP: 6/6
  2658 | D:3      | Found a hazy altar of Hepliaklqana.
  2663 | D:3      | Found an ancient bone altar of Kikubaaqudgha.
  2668 | D:3      | Found a sacrificial altar of Ru.
  2726 | D:3      | Found a runed translucent door.
  2727 | D:3      | Noticed Crazy Yiuf
  2738 | D:3      | Killed Crazy Yiuf
  2954 | D:3      | Noticed Natasha
  2962 | D:3      | Killed Natasha
  3393 | D:3      | Noticed Natasha
  3397 | D:3      | Killed Natasha
  3628 | D:3      | Noticed Natasha
  3640 | D:3      | Killed Natasha
  3641 | D:3      | Reached skill level 4 in Maces & Flails
  3850 | Abyss:1  | Cast into level 1 of the Abyss (kobold)
  3874 | Abyss:1  | Noticed a red draconian scorcher
  3887 | Abyss:1  | Noticed a cyan very ugly thing
  3919 | Abyss:1  | Noticed a spatial vortex
  3943 | Abyss:1  | Noticed a tentacled starspawn
  3958 | Abyss:2  | Noticed a large abomination
  3996 | Abyss:2  | Noticed an ice devil
  4018 | Abyss:3  | Noticed a large abomination
  4029 | Abyss:3  | Noticed a centaur warrior simulacrum
  4034 | Abyss:3  | Noticed a vampire
  4049 | D:3      | Escaped the Abyss
  4057 | D:3      | Gained mutation: You expend magic power (3 MP) to
                  | strengthen your wands. [potion of mutation]
  4057 | D:3      | Gained mutation: You have hoof-like feet. [potion of
                  | mutation]
  4059 | D:3      | Mangled by a kobold

Illustrated notes

Levels and vault maps discovered:
D:1:      sevenhm_arrival_forest_fort_small_6, layout_basic, minmay_pentomino_t2
D:2:      layout_loops_ring, shapermc_ecumenical_altar_mp_highgroup,
          grunt_decor_one_mirror, uniq_robin
D:3:      layout_basic, mainiacjoe_overflow_tiny_flanked,
          minmay_overflow_temple_star_quad, gammafunk_ghost_nasty_kobolds,
          uniq_natasha, uniq_sigmund, uniq_crazy_yiuf_cottage

Skill      XL: |  1  2  3  4  5  6 |
---------------+-------------------+-----
Armour         | 3 |  3.7
Shields        | 3 |  3.9
Maces & Flails | 2 3 4 |  4.0
Dodging        | 1 |  1.5
Fighting       | |  3.7
Stealth        | |  0.2

Action                   |  1- 3 |  4- 6 || total
-------------------------+-------+-------++-------
Melee: Flail             |   157 |   106 ||   263
       Kick              |       |    27 ||    27
  Use: Scroll            |     1 |     7 ||     8
       Potion            |       |     6 ||     6
Armor: Ring mail         |    76 |    87 ||   163
       Scale mail        |     3 |       ||     3
Dodge: Dodged            |    90 |    83 ||   173
Block: Buckler           |    96 |    70 ||   166
